 Dungeon Crawl Stone Soup version 0.29.1-2-gbd0b4ee654 (webtiles) character file.

Game seed: 2497312155921065359

20701 Ivernyr the Frost Mage (level 12, -13/100 HPs)
             Began as a Barachi Ice Elementalist on Nov 5, 2022.
             Was an Elder of Cheibriados.
             Mangled by a catoblepas (19 damage)
             ... on level 3 of the Lair of Beasts.
             The game lasted 00:48:02 (15920 turns).

Ivernyr the Frost Mage (Barachi Ice Elementalist)  Turns: 15920, Time: 00:48:03

Health: -13/100    AC:  9    Str: 20    XL:     12   Next: 82%
Magic:  26/27      EV: 24    Int: 38    God:    Cheibriados [****..]
Gold:   1271       SH:  8    Dex: 29    Spells: 17/33 levels left

rFire   . . .      SeeInvis .   d - +4 scimitar (flame)
rCold   . . .      Faith    .   E - +0 buckler
rNeg    . . .      Spirit   .   a - +0 leather armour of Midsummer {rCorr Int+3 Dex+4}
rPois   +          Reflect  .   m - +0 helmet
rElec   .          Harm     .   A - +2 cloak
rCorr   +          Rampage  .   t - +1 pair of gloves
Will    .....                   (no boots)
Stlth   +++.......              h - amulet of magic regeneration
HPRegen 0.26/turn               y - ring "Uninew" {rPois EV+4 Dex+4}
MPRegen 0.60/turn               u - +6 ring of intelligence

@: unable to hop, very slow
A: amphibious, slowness 1, strong legs 1, +LOS
a: Hop, Renounce Religion, Bend Time, Temporal Distortion, Slouch


You were on level 3 of the Lair of Beasts.
You worshipped Cheibriados.
Cheibriados was greatly pleased with you.
You visited 3 branches of the dungeon, and saw 14 of its levels.

You collected 1297 gold pieces.
You spent 26 gold pieces at shops.

Inventory:

Hand Weapons
 d - a +4 scimitar of flaming (weapon)
Missiles
 G - 2 throwing nets
Armour
 a - the +0 leather armour of Midsummer (worn) {rCorr Int+3 Dex+4}
   (You found it on level 8 of the Dungeon)

   Int:       It affects your intelligence (+3).
   Dex:       It affects your dexterity (+4).
   rCorr:     It protects you from acid and corrosion.
 m - a +0 helmet (worn)
 t - a +1 pair of gloves (worn)
 A - a +2 cloak (worn)
 E - a +0 buckler (worn)
Jewellery
 h - an amulet of magic regeneration (around neck)
 u - a +6 ring of intelligence (right hand)
 y - the ring "Uninew" (left hand) {rPois EV+4 Dex+4}
   (You found it on level 6 of the Dungeon)

   [ring of evasion]

   EV:        It affects your evasion (+4).
   Dex:       It affects your dexterity (+4).
   rPois:     It protects you from poison.
 F - a ring of protection from fire
Wands
 x - a wand of roots (6)
 B - a wand of flame (10)
 H - a wand of paralysis (3)
Scrolls
 c - 4 scrolls of teleportation
 k - 2 scrolls of immolation
 p - 2 scrolls of summoning
 q - 4 scrolls of amnesia
 r - 2 scrolls of fear
 v - 5 scrolls of vulnerability
 C - 2 scrolls of magic mapping
 J - a scroll of enchant armour
Potions
 b - 2 potions of magic
 e - a potion of heal wounds {unknown}
 f - 3 potions of curing
 g - a potion of haste {unknown}
 i - 2 potions of invisibility
 j - a potion of cancellation
 l - a potion of brilliance
 n - a potion of berserk rage
 o - 6 potions of resistance
 s - 3 potions of mutation
 w - 2 potions of lignification
 z - a potion of degeneration {unknown}
 D - a potion of ambrosia {unknown}
 I - a potion of attraction {unknown}


   Skills:
 + Level 11.2 Fighting
 - Level 8.3 Dodging
 - Level 1.7 Stealth
 + Level 6.3 Shields
 + Level 11.0 Spellcasting
 + Level 7.4 Conjurations
 - Level 11.9 Ice Magic
 + Level 4.1 Invocations


You had 17 spell levels left.
You knew the following spells:

 Your Spells              Type           Power      Damage    Failure   Level
a - Freeze                Ice            100%       1d11      1%          1
b - Frozen Ramparts       Ice            100%       1d16      1%          3
c - Ozocubu's Armour      Ice            84%        N/A       1%          3
d - Hailstorm             Conj/Ice       76%        3d16      1%          4
e - Irradiate             Conj/Tmut      24%        3d19      17%         5

Your spell library contained the following spells:

 Spells                   Type           Power      Damage    Failure   Level
 Foxfire                  Conj/Fire      100%       2x1d9     1%          1
 Conjure Flame            Conj/Fire      49%        6-21      1%          3
 Scorch                   Fire           40%        2d7       4%          2
 Sublimation of Blood     Necr           20%        N/A       4%          2
 Wereblood                Tmut           20%        N/A       4%          2
 Flame Wave               Conj/Fire      49%        2d12      6%          4
 Inner Flame              Hex/Fire       20%        N/A       9%          3
 Petrify                  Tmut/Erth      20%        N/A       26%         4
 Summon Cactus Giant      Summ           10%        N/A       99%         6
 Summon Hydra             Summ           10%        N/A       100%        7


Dungeon Overview and Level Annotations

Branches:
Dungeon (10/15)            Temple (1/1) D:7            Lair (3/5) D:8
 Spider (0/4) Lair:3
  Swamp: Lair:2-3    Shoals: Lair:2-3       Orc: D:9-12

Altars:
Ashenzari
Cheibriados
Dithmenos
Elyvilon
Fedhas
Gozag
Hepliaklqana
Kikubaaqudgha
Makhleb
Nemelex Xobeh
Okawaru
Qazlal
Ru
Sif Muna
Trog
Uskayaw
Vehumet
Wu Jian
Xom
Yredelemnul
Zin
The Shining One

Shops:
D:5 =   D:6 ?   D:10 ?


Innate Abilities, Weirdness & Mutations

You are amphibious.
You cover ground slowly.
You can hop short distances.
You have an extended range of vision and can be seen from far away.


Message History

The catoblepas breathes a plume of calcifying dust at you.
The blast of calcifying dust hits you!
The catoblepas breathes a plume of calcifying dust at you.
The blast of calcifying dust hits you. You block the catoblepas's attack.
The catoblepas gores you but does no damage.
The catoblepas gores you!
You hit the catoblepas but do no damage.
The catoblepas is severely wounded.
The catoblepas breathes a plume of calcifying dust at you.
The blast of calcifying dust hits you. The catoblepas barely misses you.
The catoblepas misses you.
You slash the catoblepas! You burn the catoblepas.
The catoblepas is almost dead.
You block the catoblepas's attack.
The catoblepas breathes a plume of calcifying dust at you.
The blast of calcifying dust hits you.
The catoblepas breathes a plume of calcifying dust at you.
The blast of calcifying dust hits you! The catoblepas gores you!
* * * LOW HITPOINT WARNING * * *
Hop to where?
Press: ? - help, Dir - move target Boing!
Casting: Ozocubu's Armour (safe; 1% risk of failure)
Confirm with . or Enter, or press ? or * to list all spells.
Aiming: Freeze (safe; 1% risk of failure)
Press: ? - help, Shift-Dir - straight line, f - catoblepas
Aim: a catoblepas (almost dead)
You freeze the catoblepas!
The catoblepas is almost dead.
The catoblepas gores you!!
* * * LOW HITPOINT WARNING * * *
Casting: Freeze (safe; 1% risk of failure)
Confirm with . or Enter, or press ? or * to list all spells.
Aiming: Freeze (safe; 1% risk of failure)
Press: ? - help, Shift-Dir - straight line, f/p - catoblepas
Aim: a catoblepas (almost dead)
You freeze the catoblepas.
The catoblepas is almost dead.
The catoblepas gores you!!
You die...

## #...## #####
#.###.#P+.## #####.#.##
#....#.....# ..^^.....#
......#...#
.}^...?P.#######.........##
.^^....#..#....'.#...P...P#
^^^.........####..(......#
...^.^....#.# ##..#.#.#..#
.>....^..#### #.@..#>....#
^.^^..^...# ##.Y.......#
^^^.^.^...# #§.§.#...P.##
^^.......## #...........#
^^.^^..#P# ##.........#.#
^......### #.########.#
.....### ## # ..P### ####


You could see a catoblepas.

Vanquished Creatures
  Harold (D:9)
  A boulder beetle (Lair:2)
  A centaur warrior (D:9)
  A death yak (Lair:2)
  Lodul (D:10)
  Pikel (D:6)
  A deep elf pyromancer (D:7)
  An ugly thing (D:9)
  3 elephants (Lair:2)
  4 black mambas
  7 cane toads
  Psyche (D:9)
  A rime drake (Lair:1)
  7 komodo dragons
  An efreet (D:9)
  A polar bear (Lair:2)
  2 trolls
  5 blink frogs (Lair:2)
  A wyvern (D:9)
  A vampire (D:8)
  4 yaks (Lair:1)
  A wraith (D:10)
  2 steam dragons
  2 basilisks (Lair:2)
  Menkaure (D:4)
  Duvessa (D:7)
  2 acid dragons (D:10)
  6 water moccasins
  A sky beast (D:7)
  3 black bears
  2 orc warriors
  7 ogres (D:10)
  4 wolves (Lair:2)
  6 centaurs
  A phantom (D:4)
  3 lemures (D:6)
  Blork the orc (D:5)
  A kobold brigand (D:5)
  9 bullfrogs
  2 scorpions
  16 wights
  Dowan (D:7)
  3 killer bees (D:9)
  An electric eel (Lair:1)
  A vampire bat (D:3)
  10 howler monkeys
  5 hounds
  Crazy Yiuf (D:6)
  5 orc priests
  A jelly (D:5)
  Jessica (D:2)
  2 gnoll boudas
  4 iguanas
  Natasha (twice) (D:4)
  8 orc wizards
  7 gnolls
  10 adders
  A shadow imp (D:6)
  2 white imps
  3 ufetubi
  2 dart slugs
  3 fire bats (D:3)
  30 orcs
  2 spectral bats (D:3)
  4 ball pythons
  16 bats
  3 bat skeletons (D:3)
  A bat zombie (D:3)
  5 endoplasms
  4 giant cockroaches
  8 goblins
  3 hobgoblins
  6 kobolds
  A quokka (D:4)
  A bat simulacrum (D:3)
  7 frilled lizards
  A rat (D:3)
282 creatures vanquished.

Vanquished Creatures (others)
  24 fungi
  19 plants
43 creatures vanquished.

Grand Total: 325 creatures vanquished

Notes
Turn   | Place    | Note
-------+----------+-------------------------------------------
     0 | D:1      | Ivernyr the Barachi Ice Elementalist began the quest for
                  | the Orb.
     0 | D:1      | Reached XP level 1. HP: 13/13 MP: 3/3
   247 | D:1      | Reached skill level 5 in Ice Magic
   295 | D:1      | Reached XP level 2. HP: 13/20 MP: 3/5
   447 | D:1      | Found a faded altar of an unknown god.
   674 | D:1      | Reached skill level 1 in Fighting
  1474 | D:2      | Reached XP level 3. HP: 26/26 MP: 4/6
  1478 | D:2      | Learned a level 3 spell: Frozen Ramparts
  1482 | D:2      | Learned a level 3 spell: Ozocubu's Armour
  1505 | D:2      | Noticed Jessica
  1514 | D:2      | Killed Jessica
  1517 | D:2      | Reached XP level 4. HP: 28/33 MP: 3/8
  1579 | D:2      | Found a hazy altar of Hepliaklqana.
  2679 | D:3      | Reached XP level 5. HP: 29/38 MP: 5/9
  2806 | D:3      | Found a glowing golden altar of the Shining One.
  2892 | D:3      | Found a sparkling altar of Nemelex Xobeh.
  3521 | D:3      | Reached XP level 6. HP: 32/46 MP: 8/11
  3888 | D:4      | Noticed a black bear
  3899 | D:4      | Killed a black bear
  3980 | D:4      | Reached XP level 7. HP: 52/52 MP: 10/12
  4118 | D:4      | Noticed Menkaure
  4124 | D:4      | Noticed Natasha
  4130 | D:4      | Killed Menkaure
  4138 | D:4      | Killed Natasha
  4145 | D:4      | Noticed Natasha
  4369 | D:4      | Killed Natasha
  4628 | D:4      | Found a hazy altar of Hepliaklqana.
  4699 | D:4      | Reached XP level 8. HP: 20/61 MP: 9/14
  5125 | D:4      | Found a radiant altar of Vehumet.
  5224 | D:5      | Entered Level 5 of the Dungeon
  5382 | D:5      | Found Amex's Jewellery Shoppe.
  5488 | D:5      | Reached skill level 5 in Dodging
  5548 | D:5      | Learned a level 4 spell: Hailstorm
  5614 | D:5      | Reached skill level 5 in Fighting
  5794 | D:5      | Noticed Blork the orc
  5806 | D:5      | Killed Blork the orc
  5807 | D:5      | Found a shimmering blue altar of Sif Muna.
  6014 | D:5      | Found a stormy altar of Qazlal.
  6189 | D:6      | Found Vevvihyz's Magic Scroll Emporium.
  6198 | D:6      | Bought a scroll of identify for 26 gold pieces
  6352 | D:6      | Reached skill level 5 in Spellcasting
  6447 | D:6      | Noticed Pikel
  6460 | D:6      | Killed Pikel
  6461 | D:6      | Reached skill level 10 in Ice Magic
  6461 | D:6      | Reached XP level 9. HP: 68/69 MP: 15/17
  6551 | D:6      | Found an iron altar of Okawaru.
  6770 | D:6      | Found a runed translucent door.
  6771 | D:6      | Noticed Crazy Yiuf
  6841 | D:6      | Found a glowing silver altar of Zin.
  7126 | D:6      | Identified the ring "Uninew" {rPois EV+4 Dex+4}
  7299 | D:6      | Killed Crazy Yiuf
  7498 | D:7      | Noticed a deep elf pyromancer
  7532 | D:7      | Killed a deep elf pyromancer
  7577 | D:7      | Noticed a troll
  7596 | D:7      | Killed a troll
  7713 | D:7      | Reached XP level 10. HP: 77/79 MP: 19/19
  7751 | D:7      | Noticed Dowan
  7752 | D:7      | Noticed Duvessa
  7761 | D:7      | Killed Dowan
  7769 | D:7      | Killed Duvessa
  8043 | D:7      | Found a staircase to the Ecumenical Temple.
  8064 | Temple   | Entered the Ecumenical Temple
  8071 | Temple   | Became a worshipper of Cheibriados the Contemplative
  8313 | D:7      | Reached skill level 1 in Conjurations
  8498 | D:8      | Reached * piety under Cheibriados
  8564 | D:8      | Identified the +0 leather armour of Midsummer {rCorr Int+3
                  | Dex+4}
  9013 | D:8      | Found a staircase to the Lair.
  9684 | D:9      | Noticed a centaur warrior
  9686 | D:9      | Noticed a purple ugly thing
  9691 | D:9      | Killed a centaur warrior
  9695 | D:9      | Killed a purple ugly thing
  9976 | D:9      | Reached XP level 11. HP: 67/87 MP: 16/23
 10323 | D:9      | Noticed Harold
 10341 | D:9      | Killed Harold
 10342 | D:9      | Reached skill level 1 in Shields
 10358 | D:9      | Reached ** piety under Cheibriados
 10695 | D:9      | Noticed Psyche
 10700 | D:9      | Killed Psyche
 10891 | D:9      | Found an ornate altar of the Wu Jian Council.
 11168 | D:9      | Identified the +1 leather armour of the Freezing God {Drain
                  | rElec rN+ Stlth+}
 11397 | D:10     | Entered Level 10 of the Dungeon
 11670 | D:10     | Noticed Lodul
 11686 | D:10     | Killed Lodul
 12158 | D:10     | Reached skill level 5 in Conjurations
 12251 | D:10     | Found the +7 Kryia's mail coat {PotionHeal*2 rC+}
 12338 | D:10     | Found Fuyn's Magic Scroll Boutique.
 12524 | D:10     | Found an ancient bone altar of Kikubaaqudgha.
 12824 | Lair:1   | Entered Level 1 of the Lair of Beasts
 12845 | Lair:1   | Reached *** piety under Cheibriados
 12864 | Lair:1   | Reached skill level 10 in Spellcasting
 13001 | Lair:1   | Reached skill level 10 in Fighting
 13001 | Lair:1   | Reached skill level 1 in Invocations
 13416 | Lair:1   | Reached XP level 12. HP: 82/97 MP: 26/26
 13479 | Lair:1   | Learned a level 5 spell: Irradiate
 14249 | Lair:2   | Noticed a boulder beetle
 14256 | Lair:2   | Reached skill level 5 in Shields
 14562 | Lair:2   | HP: 1/99 [lindwurm/blast of flame (34)]
 14937 | Lair:2   | Killed a boulder beetle
 14937 | Lair:2   | Reached **** piety under Cheibriados
 15558 | Lair:3   | Noticed a death yak
 15558 | Lair:3   | Noticed a death yak
 15562 | Lair:3   | Noticed a death yak
 15575 | Lair:2   | Killed a death yak
 15777 | Lair:3   | Found a hole to the Spider Nest.
 15891 | Lair:3   | Noticed a catoblepas
 15920 | Lair:3   | Mangled by a catoblepas

Illustrated notes

Levels and vault maps discovered:
D:1:      tarquinn_simple_flora_water_d, layout_loops_cross,
          shapermc_ecumenical_altar_venn
D:2:      layout_basic, basic_altar, uniq_jessica
D:3:      layout_loops_ring, nemelex_dance_club_becter,
          mainiacjoe_overflow_surrounded_room, goddamned_bats
D:4:      layout_loops_ring, nicolae_overflow_hidden_temple,
          mainiacjoe_overflow_brackets, hangedman_decor_lopped, minmay_vboxes,
          uniq_menkaure, uniq_natasha
D:5:      layout_cave_pools, nicolae_qazlal_eye_of_the_storm, tgw_sif,
          serial_shops, shop_fountains
D:6:      layout_loops_corners, mainiacjoe_overflow_catwalk,
          general_overflow_altar, serial_shops, nicolae_stop_n_shop_1,
          uniq_crazy_yiuf_cottage, uniq_pikel
D:7:      hangedman_cross_stitches, layout_gridville,
          minmay_temple_entry_junction, uniq_duvessa
D:8:      layout_loops_corners, lair_entry_dummy
D:9:      cheibrodos_elevator_heist, layout_layer_cave,
          mainiacjoe_overflow_alcove_1, nicolae_fountain_basement, uniq_psyche,
          uniq_harold
D:10:     layout_long_grid, lemuel_round_altar, serial_shops,
          nicolae_shop_statue_plus, serial_glass, glass_columns_c,
          glass_columns_b, minmay_strange_pillars, due_unseen_surprise,
          minmay_strange_pillars, minmay_strange_pillars, uniq_lodul
Temple:   nicolae_temple_no_exploring_needed
Lair:1:   layout_gridlike, lemuel_fruit_fields, serial_bayou_shore_b,
          infiniplex_staircase_pool_2, lemuel_fruit_fields, serial_bayou_shore_a
Lair:2:   layout_loops_ring, minivault_25, serial_bayou_shore_b,
          grunt_megastairs_3
Lair:3:   layout_roguey, elwin_shoals_entry_rooms, spider_nest_entry_web_field

Skill      XL: |  1  2  3  4  5  6  7  8  9 10 11 12 |
---------------+-------------------------------------+-----
Ice Magic      | 5 6 7 8 10 11 | 11.9
Fighting       | 1 2 3 4 5 7 8 10 11 | 11.2
Dodging        | 3 4 5 7 8 |  8.3
Spellcasting   | 3 4 5 6 8 10 11 | 11.0
Conjurations   | 3 5 7 |  7.4
Shields        | 4 6 |  6.3
Invocations    | 1 4 |  4.1
Stealth        | |  1.7

Action                   |  1- 3 |  4- 6 |  7- 9 | 10-12 || total
-------------------------+-------+-------+-------+-------++-------
Melee: Whip              |    13 |    75 |   183 |    43 ||   314
       Unarmed           |     1 |       |       |       ||     1
       Punch             |       |       |     1 |     2 ||     3
       Hand axe          |       |       |       |    55 ||    55
       Scimitar          |       |       |       |   168 ||   168
 Cast: Freeze            |    32 |    43 |    35 |    40 ||   150
       Frozen Ramparts   |       |     9 |    33 |    62 ||   104
       Ozocubu's Armour  |       |     3 |    19 |    35 ||    57
       Hailstorm         |       |       |     9 |    36 ||    45
       Irradiate         |       |       |       |     2 ||     2
Invok: Bend Time         |       |       |       |     1 ||     1
 Abil: Hop               |       |       |     4 |     6 ||    10
  Use: Scroll            |       |       |    14 |    10 ||    24
       Potion            |       |       |       |     2 ||     2
 Stab: Sleeping          |       |       |     1 |     4 ||     5
       Held in net/web   |       |       |       |     1 ||     1
Armor: Robe              |     8 |    52 |    34 |     9 ||   103
       Leather armour    |       |       |       |    59 ||    59
Dodge: Dodged            |    23 |   183 |   196 |   336 ||   738
Block: Buckler           |       |       |       |    61 ||    61
